 Dungeon Crawl Stone Soup version 0.32-a0-450-g080537f31e (webtiles) character file.

Game seed: 5805976502808048418

919 Dittersdorf the Trooper (level 8, 0/51 HPs)
             Began as a Gargoyle Fighter on Feb 23, 2024.
             Was an Initiate of Gozag.
             Slain by a water moccasin (4 damage)
             ... on level 5 of the Dungeon.
             The game lasted 00:04:48 (2977 turns).

Dittersdorf the Trooper (Gargoyle Fighter)          Turns: 2977, Time: 00:04:49

Health: 0/51       AC: 14    Str: 21    XL:     8   Next: 9%
Magic:  8/8        EV:  9    Int: 10    God:    Gozag
Gold:   224        SH:  6    Dex:  9    Spells: 7/7 levels left

rFire   . . .        y - +1 morningstar (freeze)
rCold   . . .        c - +1 buckler
rNeg    + + .        b - +0 scale mail
rPois   ∞            (no helmet)
rElec   +            m - +0 cloak
rCorr   .            (no gloves)
SInv    .            (no boots)
Will    .....        (no amulet) Stlth
                     z - ring of positive energy
HPRegen 0.28/turn    (no ring)
MPRegen 0.11/turn

%: no passive effects
@: no status effects
A: sickness immunity, AC +5, negative energy resistance 1, electricity
resistance, torment resistance 1, petrification resistance
a: Renounce Religion, Potion Petition, Call Merchant, Bribe Branch


You were on level 5 of the Dungeon.
You worshipped Gozag.
Gozag was aware of your devotion.
You visited 2 branches of the dungeon, and saw 6 of its levels.

You collected 325 gold pieces.
You paid 101 gold pieces to Gozag.

Inventory:

Hand Weapons
 y - a +1 morningstar of freezing (weapon)
Missiles
 h - a throwing net (quivered)
Armour
 b - a +0 scale mail (worn)
 c - a +1 buckler (worn)
 l - a +0 plate armour
 m - a +0 cloak (worn)
Jewellery
 e - a ring of fire
 z - a ring of positive energy (left hand)
Wands
 v - a wand of iceblast (11)
Scrolls
 a - a scroll of brand weapon
 i - a scroll of blinking
 k - 3 scrolls of teleportation
 o - a scroll of enchant armour
 q - a scroll of fog
 u - 2 scrolls of fear
Potions
 d - 3 potions of might
 n - a potion of enlightenment
 p - 2 potions of heal wounds
 s - 3 potions of curing
 x - 2 potions of brilliance


   Skills:
 + Level 5.9 Fighting
 + Level 4.8 Maces & Flails
 + Level 5.9 Armour
 + Level 5.9 Shields


You had 7 spell levels left.
You didn't know any spells.
Your spell library contained the following spells:

 Spells                   Type           Power      Damage    Failure   Level
 Dazzling Flash           Conj/Hex       0%         N/A       98%         3
 Mephitic Cloud           Conj/Alch/Air  0%         N/A       98%         3
 Curse of Agony           Necr           0%         N/A       100%        5
 Silence                  Hex/Air        0%         N/A       100%        5


Dungeon Overview and Level Annotations

Branches:
Dungeon (5/15)             Temple (1/1) D:5

Altars:
Dithmenos
Elyvilon
Fedhas
Gozag
Hepliaklqana
Kikubaaqudgha
Nemelex Xobeh
Okawaru
Ru
Sif Muna
Trog
Vehumet
Wu Jian
Xom
Yredelemnul
Zin
The Shining One


Innate Abilities, Weirdness & Mutations

You are immune to sickness and miasma.
Your stone body is resilient. (AC +5)
You are immune to poison.
You resist negative energy. (rN+)
You are resistant to electric shocks. (rElec)
You are resistant to unholy torment.
You are immune to petrification.


Message History

You miss something.
Something hits you but does no damage. x2
You closely miss something.
You hear some strange, mumbled words.
Something tries to affect you, but you resist.
You puncture something! You freeze something.
Reactivating autopickup.
You feel a bit more experienced.
You hit the orc. You freeze the orc.
You kill the orc!
You barely miss the iguana. You block the iguana's attack.
The iguana closely misses you.
You barely miss the iguana. The iguana completely misses you.
You puncture the iguana!
The iguana seems to slow down.
You freeze the iguana.
You kill the iguana!
You closely miss the orc. The orc hits you with a +0 hand axe.
* * * LOW HITPOINT WARNING * * *
The orc hits you but does no damage.
You barely miss the orc. The orc hits you but does no damage.
You barely miss the orc.
The orc is distracted by your dazzling golden aura.
You catch the helpless orc completely off-guard!
You hit the orc. You freeze the orc.
You kill the orc!
You now have 224 gold pieces (gained 33).
Items here: ( ))))) [[[.
You start resting.
A water moccasin is nearby!
Okay, then.
The water moccasin hisses angrily.
The water moccasin bites you.
* * * LOW HITPOINT WARNING * * *
You closely miss the water moccasin.
The water moccasin bites you but does no damage.
The water moccasin bites you.
* * * LOW HITPOINT WARNING * * *
You hit the water moccasin. You freeze the water moccasin.
The water moccasin is moderately wounded.
You block the water moccasin's attack. The water moccasin bites you.
You die...
Your body crumbles into a pile of gold.

,,,,**#.# #..,,*,,,,,,......[
***,* #.# #.#*..##...,.l..... *,*
#.# #.#*oo#.#..,....... *,* #.#
#.#*o..#.#*,....S## *,* #.#
#.#*....#*.*....#.# ***,* #.#
#.#*....#.#,*,,*,*, ,,,,* #.#
#.##.....#.**,,**,*
******#.#######..#......#*,,,,**,
,,,,,,#......)..@S.......,,,,,,,,
*****,############.......,,,,,,,,
*,,,,,**,,******......#*,,,,**,
***,*,*,**,,,,,,,,.....#.**,,**,*
,,,,,,,,,,,*****,,....#.#,*,,*,*,
***,*,*,**,* **,....#*.*,,,,*,* *
*,,,,,**,* **...#.**,,,,,,** *
***,****,* *..#.#.,,,,,,,,, * *,*
*,* *,,**,,,,,,,,,,,


You could see a water moccasin.

Vanquished Creatures
  Eustachio (D:4)
  Duvessa (D:4)
  An orc warrior (D:5)
  A centaur (D:5)
  A phantom (D:3)
  A scorpion (D:4)
  Dowan (D:4)
  A hound (D:4)
  Ijyb (D:3)
  2 iguanas (D:5)
  3 orc wizards
  3 adders
  3 adder skeletons (D:2)
  A ribbon worm (D:3)
  4 dart slugs
  8 orcs
  A bat zombie (D:2)
  8 endoplasms
  16 giant cockroaches
  5 goblins
  7 hobgoblins
  2 jackals (D:4)
  2 quokkas
  4 ball pythons
  A ball python zombie (D:2)
  4 bats
  3 frilled lizards
  A giant cockroach zombie (D:2)
  9 kobolds
  4 rats
100 creatures vanquished.

Vanquished Creatures (others)
  A kobold (D:4)
1 creature vanquished.

Grand Total: 101 creatures vanquished

Notes
Turn   | Place    | Note
-------+----------+-------------------------------------------
     0 | D:1      | Dittersdorf the Gargoyle Fighter began the quest for the
                  | Orb.
     0 | D:1      | Reached XP level 1. HP: 14/14 MP: 1/1
    43 | D:1      | Found a faded altar of an unknown god.
    98 | D:1      | Reached XP level 2. HP: 19/19 MP: 2/2
   552 | D:1      | Reached XP level 3. HP: 23/23 MP: 3/3
  1082 | D:2      | Reached XP level 4. HP: 29/29 MP: 4/4
  1377 | D:3      | Noticed a phantom
  1391 | D:3      | Killed a phantom
  1392 | D:3      | Reached XP level 5. HP: 27/33 MP: 5/5
  1508 | D:3      | Noticed Ijyb
  1520 | D:3      | Killed Ijyb
  1828 | D:4      | Reached XP level 6. HP: 39/39 MP: 6/6
  1828 | D:4      | Noticed Eustachio
  1857 | D:4      | Killed Eustachio
  1950 | D:4      | Reached skill level 5 in Fighting
  1950 | D:4      | Reached skill level 5 in Armour
  1950 | D:4      | Reached skill level 5 in Shields
  1950 | D:4      | Reached XP level 7. HP: 44/44 MP: 7/7
  2106 | D:4      | Noticed Duvessa
  2111 | D:4      | Noticed Dowan
  2118 | D:4      | Killed Duvessa
  2137 | D:4      | Killed Dowan
  2539 | D:5      | Entered Level 5 of the Dungeon
  2782 | D:5      | Found a staircase to the Ecumenical Temple.
  2790 | Temple   | Entered the Ecumenical Temple
  2810 | Temple   | Became a worshipper of Gozag Ym Sagoz the Greedy
  2851 | D:5      | Found a shimmering altar of Xom.
  2947 | D:5      | Reached XP level 8. HP: 19/51 MP: 8/8
  2977 | D:5      | Slain by a water moccasin

Illustrated notes

Levels and vault maps discovered:
D:1:      lemuel_arrival_lava_pool, layout_basic,
          chequers_ecumenical_altar_simple_redux, hangedman_decor_peaks_small
D:2:      layout_rooms, serial_undead, serial_undead_f, serial_undead_c,
          serial_undead_a, serial_undead_e, minmay_small_reverse_x
D:3:      minmay_roachtagon, layout_basic, uniq_ijyb
D:4:      layout_basic, uniq_duvessa, uniq_eustachio
D:5:      layout_loops_ring, mainiacjoe_overflow_catch_the_wave,
          mainiacjoe_overflow_small_starburst, minmay_temple_entry_crystal_x,
          minmay_misc_feat_secret_circle
Temple:   kb_temple_of_zot

Skill      XL: |  1  2  3  4  5  6  7 |
---------------+----------------------+-----
Fighting       | 4 5 |  5.9
Maces & Flails | 3 4 |  4.8
Armour         | 4 5 |  5.9
Shields        | 4 5 |  5.9

Action                     |  1- 3 |  4- 6 |  7- 9 || total
---------------------------+-------+-------+-------++-------
  Melee: Mace              |    82 |   135 |    48 ||   265
         Flail             |     2 |       |       ||     2
         Morningstar       |       |       |    55 ||    55
    Use: Scroll            |       |       |    16 ||    16
   Stab: Distracted        |       |       |     1 ||     1
 Armour: Scale mail        |    60 |   101 |    76 ||   237
  Dodge: Dodged            |    57 |    68 |    42 ||   167
  Block: Buckler           |    19 |    29 |    29 ||    77

Table legend: (Time is in decaauts)
 A = Elapsed time spent in this place.
 B = Non-inter-level travel time spent in this place.
 C = Inter-level travel time spent in this place.
 D = Time resting spent in this place.
 E = Time spent auto-exploring this place.
 F = Levels seen in this place.
 G = Mean time per level.
                   A        B        C        D        E       F      G
               +--------+--------+--------+--------+--------+-----+--------+
         Total |   3063 |   2838 |    225 |     81 |   1921 |   6 |  510.5 |
       Dungeon |   3023 |   2836 |    187 |     81 |   1921 |   5 |  604.6 |
        Temple |     40 |      2 |     38 |      0 |      0 |   1 |   40.0 |
               +--------+--------+--------+--------+--------+-----+--------+

Top non-repeatable levels by time:
     D:4: 790 daAuts
     D:1: 766 daAuts
     D:3: 630 daAuts
     D:2: 476 daAuts
     D:5: 358 daAuts
  Temple: 40 daAuts
